 Dungeon Crawl Stone Soup version 0.23-a0-704-g7fdf9c5 (webtiles) character file.

37809 Lilu the Destroyer (level 13, 0/79 (80) HPs)
             Began as a Deep Elf Conjurer on Jan 14, 2019.
             Was an Elder of Vehumet.
             Slain by a catoblepas (9 damage)
             ... on level 6 of the Lair of Beasts.
             The game lasted 01:10:32 (20716 turns).

Lilu the Destroyer (Deep Elf Conjurer)             Turns: 20716, Time: 01:10:32

HP:   0/79 (80)     AC:  7    Str:  5    XL:     13   Next: 60%
MP:   22/31         EV:  2    Int: 26    God:    Vehumet [****..]
Gold: 1103          SH:  0    Dex: 11    Spells: 6/37 levels left

rFire    . . .     SeeInvis +   F - +11 morningstar "Koot" {elec, rElec rC- Dex-4 SInv}
rCold    . . .     Gourm    .   i - +0 buckler
rNeg     + + +     Faith    .   t - +1 troll leather armour
rPois    ∞         Spirit   .   n - +0 helmet
rElec    +         Reflect  .   (no cloak)
rCorr    .         Harm     .   j - +0 pair of gloves
MR       +....                  (no boots)
Stlth    ++........             u - amulet of the acrobat
HPRegen  0.63/turn              w - +4 ring of evasion
MPRegen  0.22/turn              p - ring of protection from cold

@: petrified
A: no striking features
a: Renounce Religion


You were on level 6 of the Lair of Beasts.
You worshipped Vehumet.
Vehumet was greatly pleased with you.
You were hungry.

You visited 3 branches of the dungeon, and saw 18 of its levels.

You collected 1103 gold pieces.

Inventory:

Hand Weapons
 v - a +3 dagger of protection
 y - a +2 whip of electrocution
 F - the +11 morningstar "Koot" (weapon) {elec, rElec rC- Dex-4 SInv}
   (You found it on level 1 of the Lair of Beasts)

   Occasionally, upon striking a foe, it will discharge some electrical energy
   and cause terrible harm.
   It affects your dexterity (-4).
   It makes you vulnerable to cold.
   It insulates you from electricity.
   It lets you see invisible.
Missiles
 b - 61 poisoned needles
 l - 9 curare-tipped needles
Armour
 i - a +0 buckler (worn)
 j - a +0 pair of gloves (worn)
 n - a +0 helmet (worn)
 t - a +1 troll leather armour (worn)
 z - a +0 robe of positive energy
Jewellery
 k - a +2 ring of evasion
 p - a ring of protection from cold (right hand)
 u - an amulet of the acrobat (around neck)
 w - a +4 ring of evasion (left hand)
 J - an uncursed ring of fire
Wands
 d - a wand of polymorph (9)
 x - a wand of acid (9)
 C - a wand of digging (12)
Scrolls
 e - 3 scrolls of blinking
 f - 7 scrolls of teleportation
 q - 2 scrolls of fear
 s - 3 scrolls of amnesia
 A - 2 scrolls of enchant armour
 D - a scroll of fog
 I - 5 scrolls of enchant weapon
 K - 3 scrolls of remove curse
 M - 3 scrolls of identify
 P - a scroll of immolation
 Q - a scroll of magic mapping
Potions
 a - 2 potions of brilliance
 g - a potion of might
 h - 7 potions of flight
 m - 7 potions of mutation
 o - 5 potions of cancellation
 r - a potion of ambrosia
 B - a potion of resistance
 E - 6 potions of curing
 H - 3 potions of agility
 L - 5 potions of heal wounds
 N - a potion of haste {unknown}
 R - a potion of invisibility {unknown}
Miscellaneous
 S - a box of beasts
Comestibles
 c - 41 rations


   Skills:
 + Level 9.0 Fighting
 + Level 13.5 Dodging
 - Level 2.4 Stealth
 - Level 5.0 Shields
 + Level 12.5 Spellcasting
 + Level 14.6 Conjurations
 - Level 4.0 Translocations


You had 6 spell levels left.
You knew the following spells:

 Your Spells              Type           Power        Failure   Level  Hunger
a - Magic Dart            Conj           ####         0%          1    None
b - Searing Ray           Conj           ######       0%          2    None
c - Iskenderun's Mystic   Conj           #######.     1%          4    None
d - Fulminant Prism       Conj/Hex       ######....   1%          4    None
e - Force Lance           Conj/Tloc      ######..     1%          4    None
f - Apportation           Tloc           #####.       1%          1    None
g - Conjure Flame         Conj/Fire      ######..     1%          3    None
h - Mephitic Cloud        Conj/Pois/Air  #####...     1%          3    None
i - Blink                 Tloc           N/A          1%          2    None
j - Shroud of Golubria    Chrm/Tloc      ####......   4%          2    None
k - Iskenderun's Battles  Conj/Chrm      ######..     2%          5    ###....

Your spell library contained the following spells:

 Spells                   Type           Power        Failure   Level  Hunger
 Dazzling Spray           Conj/Hex       ######       1%          3    None
 Gell's Gravitas          Tloc           #####.....   3%          3    None
 Lesser Beckoning         Tloc           #####.....   3%          3    None
 Teleport Other           Tloc           #####...     3%          3    None
 Animate Skeleton         Necr           N/A          6%          1    None
 Beastly Appendage        Tmut           ###...       6%          1    None
 Confusing Touch          Hex            ###...       6%          1    None
 Summon Small Mammal      Summ           ###.         6%          1    None
 Call Imp                 Summ           ###.....     9%          2    None
 Slow                     Hex            ###.....     9%          2    None
 Sticks to Snakes         Tmut           ###.....     9%          2    None
 Passage of Golubria      Tloc           N/A          12%         4    None
 Spider Form              Tmut/Pois      ###.......   19%         3    None
 Ice Form                 Ice/Tmut       ###.....     52%         4    None
 Blade Hands              Tmut           ###.......   86%         5    ###....


Dungeon Overview and Level Annotations

Branches:
Dungeon (11/15)            Temple (1/1) D:6            Lair (6/6) D:10
  Swamp (0/4) Lair:2       Spider (0/4) Lair:2        Slime (0/5) Lair:6
    Orc (0/2) D:10

Altars:
Dithmenos
Fedhas
Hepliaklqana
Makhleb
Nemelex Xobeh
Okawaru
Qazlal
Vehumet
Wu Jian
Zin
The Shining One
Beogh

Annotations:
D:8 exclusion: howler monkey, Erica
Lair:1 Gastronok
Lair:5 2 runed doors, Deicwiot's ghost, journeyman MiWn
Lair:6 exclusion: oklob plant


Message History

You have turned to stone.
The catoblepas breathes a plume of calcifying dust at you.
The blast of calcifying dust hits you! The yak gores you.
You are engulfed in calcifying dust.
The catoblepas breathes a plume of calcifying dust at you.
The blast of calcifying dust hits you! The yak gores you!
The yak is engulfed in calcifying dust.
The yak is moving more slowly.
The yak gores you.
You are engulfed in calcifying dust.
The yak gores you!
The catoblepas breathes a plume of calcifying dust at you.
The blast of calcifying dust hits you!
The yak is engulfed in calcifying dust.
The yak stops moving altogether!
You are engulfed in calcifying dust.
The catoblepas gores you! The yak gores you!
* * * LOW HITPOINT WARNING * * *
You are engulfed in calcifying dust.
The yak stops moving altogether!
The catoblepas gores you!!
* * * LOW HITPOINT WARNING * * *
You are engulfed in calcifying dust.
The catoblepas gores you!!
You die...

....# *,,,.##.,,*** ***,,*** *,*
....# **,,,...*** **,.,** *,*
....# *,,**,..#* **,.#** **,**
...## *******..## *,..## *,,,,
...# ### **..# *#*..# **,,*, ...#
##.### *#.###...#* *,,*** ...#
##....####........** **,,**
...###......##.YYY.###.,****,,,,*
....###......#..@### **,,**,,,,,*
....# #..##....§## *,,,,,8,8,,
....# #...###.### ***,8,,,,8,
....####...####### **,,,,8,,,,
.....# ##...###P.# *,,,,8,,,,,
.....## ##......## ****,,,,***
......###......### ****** *
..........8......###
..............8....#######


You could see a catoblepas, 2 yaks and a friendly battlesphere.

Vanquished Creatures
  Kirke (Lair:6)
  3 hydras
  A catoblepas (Lair:6)
  3 death yaks
  Pikel (D:4)
  An orb spider (Lair:2)
  2 centaur zombies
  An ugly thing (D:11)
  12 elephants
  Joseph (D:8)
  11 spiny frogs
  Psyche (D:11)
  2 black mambas (Lair:5)
  A centaur skeleton (D:10)
  2 rime drakes
  2 komodo dragons
  3 trolls
  2 hornets
  Prince Ribbit (D:7)
  5 polar bears
  4 hippogriffs
  2 bog bodies (Lair:2)
  14 dream sheep
  2 wyverns
  29 yaks
  3 basilisks
  4 hogs
  A hungry ghost (D:11)
  Duvessa (D:7)
  10 water moccasins
  6 porcupines
  8 orc warriors
  2 black bears (D:10)
  2 slaves (D:5)
  A necrophage (D:8)
  3 centaurs
  7 ogres
  An eye of draining (D:8)
  12 wolves
  4 boggarts (Lair:5)
  3 phantoms
  A big kobold (D:7)
  12 crocodiles
  10 bullfrogs
  2 gnoll sergeants
  Dowan (D:7)
  A wyvern skeleton (D:9)
  A scorpion (D:8)
  4 killer bees (D:11)
  3 wights (D:6)
  An electric eel (Lair:1)
  3 howler monkeys
  6 crimson imps
  A bullfrog zombie (D:11)
  5 hounds
  4 orc priests
  A bullfrog skeleton (D:11)
  4 jellies
  3 iguanas
  6 orc wizards
  13 worker ants
  A hound zombie (D:11)
  2 howler monkey zombies
  4 gnolls (D:9)
  8 adders
  2 shadow imps
  5 oozes (D:10)
  An adder skeleton (D:5)
  5 worms
  2 dart slugs (D:1)
  4 leopard geckos
  39 orcs
  8 bats
  4 giant cockroaches
  10 goblins
  5 hobgoblins
  3 jackals (D:2)
  A ball python (D:2)
  2 frilled lizards
  8 kobolds
  2 leopard gecko skeletons
  2 quokka skeletons
  2 rats (D:1)
  A butterfly (Lair:1)
  2 fungi
380 creatures vanquished.

Vanquished Creatures (others)
  17 fulminant prisms
  25 fungi
  12 plants
54 creatures vanquished.

Grand Total: 434 creatures vanquished

Notes
Turn   | Place    | Note
-------+----------+-------------------------------------------
     0 | D:1      | Lilu the Deep Elf Conjurer began the quest for the Orb.
     0 | D:1      | Reached XP level 1. HP: 10/10 MP: 6/6
   284 | D:1      | Reached XP level 2. HP: 15/15 MP: 6/8
   288 | D:1      | Learned a level 2 spell: Searing Ray
   845 | D:1      | Reached XP level 3. HP: 19/19 MP: 5/10
  1195 | D:2      | Found a faded altar of an unknown god.
  1491 | D:2      | Reached skill level 5 in Conjurations
  2234 | D:3      | Reached XP level 4. HP: 24/24 MP: 8/12
  2897 | D:4      | Reached skill level 1 in Shields
  3003 | D:4      | Noticed an ogre
  3071 | D:4      | Noticed a phantom
  3110 | D:4      | Killed a phantom
  3110 | D:4      | Reached skill level 5 in Spellcasting
  3110 | D:4      | Reached XP level 5. HP: 28/28 MP: 5/14
  3176 | D:4      | Learned a level 4 spell: Iskenderun's Mystic Blast
  3181 | D:4      | Learned a level 4 spell: Fulminant Prism
  3341 | D:4      | Killed an ogre
  3341 | D:4      | Reached XP level 6. HP: 32/32 MP: 9/16
  3489 | D:4      | Reached skill level 6 in Conjurations
  3627 | D:4      | Found an ornate altar of the Wu Jian Council.
  3830 | D:4      | Learned a level 4 spell: Force Lance
  3832 | D:4      | Learned a level 1 spell: Apportation
  3841 | D:5      | Entered Level 5 of the Dungeon
  3879 | D:5      | Noticed Pikel
  3879 | D:5      | Noticed a slave
  3879 | D:5      | Noticed a slave
  3879 | D:5      | Noticed a slave
  3879 | D:5      | Noticed a slave
  4227 | D:5      | Killed a slave
  4350 | D:5      | Reached XP level 7. HP: 36/36 MP: 15/18
  5517 | D:4      | Killed Pikel
  5517 | D:4      | Reached skill level 5 in Shields
  5517 | D:4      | Reached skill level 7 in Conjurations
  5517 | D:4      | Reached XP level 8. HP: 26/41 MP: 11/21
  5698 | D:6      | Found a sparkling altar of Nemelex Xobeh.
  5854 | D:6      | Found a staircase to the Ecumenical Temple.
  5861 | Temple   | Entered the Ecumenical Temple
  5867 | Temple   | Became a worshipper of Vehumet
  6202 | D:6      | Reached skill level 8 in Conjurations
  6618 | D:7      | Noticed Prince Ribbit
  6630 | D:7      | Killed Prince Ribbit
  6714 | D:7      | Found a stormy altar of Qazlal.
  6714 | D:7      | Noticed Duvessa
  6715 | D:7      | Noticed Dowan
  6730 | D:7      | Killed Duvessa
  6730 | D:7      | Reached XP level 9. HP: 41/45 MP: 16/24
  6733 | D:7      | Killed Dowan
  6733 | D:7      | Reached skill level 9 in Conjurations
  7466 | D:8      | Reached skill level 10 in Spellcasting
  7477 | D:8      | Noticed Erica
  7591 | D:8      | Found an iron altar of Okawaru.
  7718 | D:8      | Found a glowing silver altar of Zin.
  7728 | D:8      | Reached * piety under Vehumet
  7728 | D:8      | Offered knowledge of Shock by Vehumet.
  7757 | D:8      | Noticed Joseph
  7811 | D:8      | Killed Joseph
  7811 | D:8      | Reached skill level 5 in Dodging
  8537 | D:9      | Reached skill level 10 in Conjurations
  8594 | D:9      | Found a burning altar of Makhleb.
  8677 | D:9      | Noticed a troll
  8683 | D:9      | Killed a troll
  8698 | D:9      | Noticed a troll
  8726 | D:9      | Killed a troll
  8726 | D:9      | Reached skill level 1 in Fighting
  8726 | D:9      | Reached XP level 10. HP: 51/51 MP: 13/27
  9086 | D:9      | Learned a level 3 spell: Conjure Flame
  9090 | D:9      | Learned a level 3 spell: Mephitic Cloud
  9093 | D:9      | Learned a level 2 spell: Blink
  9393 | D:10     | Entered Level 10 of the Dungeon
  9403 | D:10     | Reached ** piety under Vehumet
  9506 | D:10     | Offered knowledge of Freeze by Vehumet.
  9828 | D:10     | Found a staircase to the Orcish Mines.
  9849 | D:10     | Reached skill level 11 in Conjurations
  9870 | D:10     | Found a roughly hewn altar of Beogh.
  9991 | D:10     | Offered knowledge of Stone Arrow by Vehumet.
 10113 | D:10     | Found a staircase to the Lair.
 10523 | D:10     | Identified a scroll of acquirement
 10571 | D:10     | Reached *** piety under Vehumet
 10795 | D:11     | Noticed Psyche
 10814 | D:11     | Killed Psyche
 10814 | D:11     | Reached XP level 11. HP: 61/61 MP: 14/28
 10837 | D:11     | Offered knowledge of Ignite Poison by Vehumet.
 10864 | D:11     | Noticed a purple ugly thing
 10876 | D:11     | Killed a purple ugly thing
 10886 | D:11     | Paralysed by a hornet for 1 turns
 11229 | D:11     | Reached skill level 5 in Fighting
 11234 | D:11     | Reached skill level 12 in Conjurations
 11687 | Lair:1   | Entered Level 1 of the Lair of Beasts
 11798 | Lair:1   | Reached **** piety under Vehumet
 11838 | Lair:1   | Reached skill level 10 in Dodging
 11850 | Lair:1   | Noticed Gastronok
 12180 | Lair:1   | Got a steaming morningstar
 12181 | Lair:1   | Identified the +11 morningstar "Koot" {elec, rElec rC-
                  | Dex-4 SInv} (You found it on level 1 of the Lair of Beasts)
 12746 | Lair:2   | Found a hole to the Spider Nest.
 12746 | Lair:2   | Noticed an orb spider
 12749 | Lair:2   | Killed an orb spider
 12752 | Lair:2   | You fall through a shaft for 2 floors!
 12868 | Lair:4   | Learned a level 2 spell: Shroud of Golubria
 13088 | Lair:2   | Reached skill level 1 in Translocations
 13088 | Lair:2   | Reached XP level 12. HP: 51/70 MP: 13/29
 13447 | Lair:2   | Offered knowledge of Lightning Bolt by Vehumet.
 13447 | Lair:2   | Reached skill level 13 in Conjurations
 13830 | Lair:2   | Found a staircase to the Swamp.
 15433 | Lair:4   | Reached ***** piety under Vehumet
 15433 | Lair:4   | Offered knowledge of Iskenderun's Battlesphere by Vehumet.
 15444 | Lair:4   | Noticed a six-headed hydra
 15626 | Lair:4   | Killed a six-headed hydra
 16837 | Lair:5   | Found a large runed door.
 16837 | Lair:5   | Found a large runed door.
 16840 | Lair:5   | Noticed Deicwiot's ghost (journeyman MiWn)
 16978 | Lair:5   | Noticed a six-headed hydra
 16982 | Lair:5   | Killed a six-headed hydra
 17014 | Lair:5   | You fall through a shaft!
 17014 | Lair:6   | Entered Level 6 of the Lair of Beasts
 17093 | Lair:6   | Found a staircase to the Slime Pits.
 17152 | Lair:6   | Reached XP level 13. HP: 68/77 MP: 15/31
 17803 | Lair:5   | Reached skill level 14 in Conjurations
 18601 | Lair:6   | Noticed Kirke
 19260 | Lair:6   | Learned a level 5 spell: Iskenderun's Battlesphere
 20341 | Lair:6   | Killed Kirke
 20716 | Lair:6   | Slain by a catoblepas

Vault maps used:
D:1:      wander_arrival_desolate
D:2:      chequers_ecumenical_altar_twisty, first_ration
D:4:      kennysheep_mini
D:5:      uniq_pikel
D:6:      nemelex_altar_shiori, minmay_temple_entry_gardened_gates,
          serial_rivers, chequers_serial_rivers_room_a,
          chequers_serial_rivers_large_a, chequers_serial_rivers_room_a,
          chequers_serial_rivers_room_b
D:7:      nicolae_qazlal_style_of_elements, uniq_prince_ribbit1, uniq_duvessa
D:8:      okawaru_gym_becter, lemuel_doored_altar, uniq_joseph, uniq_erica
D:9:      marbit_many_paths
D:10:     due_lair_maze_entry_diamond, david_orc_5,
          hangedman_little_slice_of_home
D:11:     cheibrodos_ideogram_h, uniq_psyche
Temple:   eino_temple_rhombus
Lair:1:   serial_bayou_shore_a, grunt_megastairs_2, lemuel_fruit_fields,
          uniq_gastronok
Lair:2:   skrybe_swamp_entry_bodies, nicolae_spider_entry_orb_guardian
Lair:3:   lemuel_fruit_fields, grunt_megastairs_4, lemuel_fruit_fields
Lair:5:   ebering_ghost_disaster_area, kilobyte_rumbling_trees,
          lemuel_fruit_tree
Lair:6:   evilmike_catoblepas_cave, minmay_slime_entry_oklob_enclosed,
          grunt_megastairs_3, serial_bayou_shore_b, uniq_kirke

Skill      XL: |  1  2  3  4  5  6  7  8  9 10 11 12 13 |
---------------+----------------------------------------+-----
Dodging        | 3 6 9 11 12 13 | 13.5
Spellcasting   | 4 5 6 7 9 11 12 | 12.5
Conjurations   | 5 6 7 8 10 11 12 13 14 | 14.6
Shields        | 1 2 3 5 |  5.0
Fighting       | 1 4 6 7 9 |  9.0
Translocations | 1 4 |  4.0
Stealth        | |  2.4

Action                   |  1- 3 |  4- 6 |  7- 9 | 10-12 | 13-15 || total
-------------------------+-------+-------+-------+-------+-------++-------
Melee: Dagger            |       |     1 |       |       |       ||     1
       Whip              |       |       |    67 |   104 |       ||   171
       Morningstar       |       |       |       |    28 |    12 ||    40
 Cast: Magic Dart        |    81 |    32 |    35 |    90 |    91 ||   329
       Searing Ray       |     2 |    18 |    54 |   144 |    26 ||   244
       Iskenderun's Myst |       |       |     2 |    61 |    31 ||    94
       Fulminant Prism   |       |       |       |    12 |     5 ||    17
       Mephitic Cloud    |       |       |       |     2 |     5 ||     7
       Apportation       |       |       |       |     8 |     3 ||    11
       Shroud of Golubri |       |       |       |    13 |     3 ||    16
       Force Lance       |       |       |       |     2 |    11 ||    13
       Blink             |       |       |       |     1 |       ||     1
       Iskenderun's Batt |       |       |       |       |    15 ||    15
  Use: Scroll            |       |    12 |     7 |     8 |     5 ||    32
 Stab: Sleeping          |       |     1 |     3 |       |       ||     4
  Eat: Chunk             |     4 |     6 |     7 |    19 |    11 ||    47
       Ration            |       |       |     2 |     2 |       ||     4
Armor: Robe              |     2 |       |       |       |       ||     2
       Troll leather arm |       |     7 |    24 |    47 |    17 ||    95
Dodge: Dodged            |     2 |    44 |   124 |   557 |   138 ||   865
Block: Buckler           |       |    13 |    38 |   153 |    20 ||   224

Table legend:
 A = Non-vault XP
 B = Vault XP
 C = Vault XP percentage of total XP
 D = Non-vault monster count
 E = Vault monster count
 F = Vault count percentage of total count
                 A         B        C        D         E       F
            +---------+---------+-------+---------+---------+-------
      Total |   37133 |   16881 |  31.3 |     293 |      82 |  21.9
            +---------+---------+-------+---------+---------+-------
        D:1 |      45 |       0 |   0.0 |      24 |       0 |   0.0
        D:2 |      42 |       0 |   0.0 |      15 |       0 |   0.0
        D:3 |      22 |       0 |   0.0 |       4 |       0 |   0.0
        D:4 |     377 |     673 |  64.1 |      15 |       1 |   6.2
        D:5 |     682 |       0 |   0.0 |      15 |       0 |   0.0
        D:6 |     455 |       0 |   0.0 |      15 |       0 |   0.0
        D:7 |     310 |     509 |  62.1 |      11 |       3 |  21.4
        D:8 |    1038 |     455 |  30.5 |      14 |       1 |   6.7
        D:9 |    1961 |       0 |   0.0 |      33 |       0 |   0.0
       D:10 |    1832 |    2050 |  52.8 |      14 |      36 |  72.0
       D:11 |    3153 |    1007 |  24.2 |      29 |       9 |  23.7
     Lair:1 |    2507 |     492 |  16.4 |       9 |       2 |  18.2
     Lair:2 |    6516 |    1171 |  15.2 |      28 |       3 |   9.7
     Lair:3 |    5098 |       0 |   0.0 |      25 |       0 |   0.0
     Lair:4 |    4294 |       0 |   0.0 |      14 |       0 |   0.0
     Lair:5 |    2545 |    3420 |  57.3 |       7 |      14 |  66.7
     Lair:6 |    6256 |    7104 |  53.2 |      21 |      13 |  38.2
            +---------+---------+-------+---------+---------+-------
